 Dungeon Crawl Stone Soup version 0.31-a0-1071-gaead2f62b1 (webtiles) character file.

Game seed: 8764374598042597552

18330 strifetoe the Severer (level 11, -4/107 HPs)
             Began as a Hill Orc Monk on Nov 25, 2023.
             Was a Believer of Ru.
             Slain by a death yak (18 damage)
             ... on level 7 of the Dungeon.
             The game lasted 00:21:00 (12015 turns).

strifetoe the Severer (Hill Orc Monk)              Turns: 12015, Time: 00:21:01

Health: -4/107     AC: 24    Str: 25    XL:     11   Next: 57%
Magic:  11/11      EV:  9    Int: 10    God:    Ru [**....]
Gold:   266        SH:  5    Dex: 13    Spells: 10/10 levels left

rFire   . . .        G - +0 broad axe (venom)
rCold   . . .        g - +0 buckler
rNeg    . . .        k - +1 chain mail
rPois   .            (no helmet)
rElec   .            q - +1 cloak
rCorr   .            n - +0 pair of gloves
SInv    .            H - +2 pair of boots
Will    .....        i - amulet of regeneration Stlth
                     f - +4 ring of protection
HPRegen 1.17/turn    m - +6 ring of strength
MPRegen 0.12/turn

%: no passive effects
@: no status effects
A: no stealth, inexperienced 1, no forms
a: Renounce Religion


You were on level 7 of the Dungeon.
You worshipped Ru.
Ru was pleased with you.
You visited 1 branch of the dungeon, and saw 12 of its levels.
You also visited: Bailey.

You collected 642 gold pieces.
You spent 376 gold pieces at shops.

Inventory:

Hand Weapons
 p - a +3 war axe of freezing
 r - a +0 war axe of venom
 F - a +1 demon trident of venom
 G - a +0 broad axe of venom (weapon)
Missiles
 e - a throwing net
Armour
 g - a +0 buckler (worn)
 k - a +1 chain mail (worn)
 n - a +0 pair of gloves (worn)
 q - a +1 cloak (worn)
 H - a +2 pair of boots (worn)
Jewellery
 f - a +4 ring of protection (left hand)
 i - an amulet of regeneration (around neck)
 m - a +6 ring of strength (right hand)
 z - a +6 ring of strength
Wands
 a - a wand of paralysis (4)
 v - a wand of flame (14)
 w - a wand of light (8)
Scrolls
 c - 2 scrolls of blinking
 o - 6 scrolls of teleportation
 t - 2 scrolls of fear
 y - a scroll of enchant weapon
 D - a scroll of revelation
Potions
 j - 2 potions of enlightenment
 l - a potion of lignification
 s - a potion of magic
 u - a potion of haste
 x - a potion of brilliance
 A - a potion of curing
 B - a potion of attraction {unknown}
 C - 2 potions of resistance
 E - a potion of cancellation {unknown}


   Skills:
 + Level 13.5 Fighting
 - Level 18.0 Axes
 + Level 10.0 Armour
 - Level 2.4 Dodging
 - Level 4.8 Shields


You had 10 spell levels left.
You didn't know any spells.
Your spell library contained the following spells:

 Spells                   Type           Power      Damage    Failure   Level
 Foxfire                  Conj/Fire      0%         2x1d4     88%         1
 Slow                     Hex            0%         N/A       88%         1
 Sting                    Tmut/Pois      0%         1d3       88%         1
 Poisonous Vapours        Pois/Air       0%         N/A       95%         2
 Sublimation of Blood     Necr           0%         N/A       95%         2
 Confusing Touch          Hex            0%         N/A       99%         3
 Sigil of Binding         Hex            0%         N/A       99%         3
 Summon Guardian Golem    Hex/Summ       0%         N/A       99%         3
 Vampiric Draining        Necr           0%         2d6       99%         3
 Olgreb's Toxic Radiance  Pois           0%         N/A       100%        4
 Petrify                  Tmut/Erth      0%         N/A       100%        4
 Summon Lightning Spire   Summ/Air       0%         N/A       100%        4
 Irradiate                Conj/Tmut      0%         3d11      100%        5
 Silence                  Hex/Air        0%         N/A       100%        5
 Plasma Beam              Fire/Air       0%         2x1d10    100%        6
 Starburst                Conj/Fire      0%         6d3       100%        6
 Haunt                    Necr/Summ      0%         N/A       100%        7
 Orb of Destruction       Conj           0%         9d5       100%        7
 Spellforged Servitor     Conj/Summ      0%         N/A       100%        7
 Borgnjor's Revivificati  Necr           0%         N/A       100%        8
 Chain Lightning          Conj/Air       0%         N/A       100%        9
 Death's Door             Necr           0%         N/A       100%        9


Dungeon Overview and Level Annotations

Branches:
Dungeon (12/15)            Temple (0/1) D:6          Bailey (visited)
   Lair: D:8-11         Orc: D:9-12

Altars:
Elyvilon
Gozag
Hepliaklqana
Nemelex Xobeh
Qazlal
Ru
Uskayaw
Yredelemnul

Shops:
D:7 *   D:10 (

Annotations:
D:6 4 runed translucent doors
D:9 1 runed translucent door


Innate Abilities, Weirdness & Mutations

You cannot be stealthy.
You are somewhat inexperienced. (-1 XL)
You cannot voluntarily change form.


Message History

The death yak barely misses you.
The death yak gores you but does no damage.
You hit the death yak.
The death yak looks as sick as possible!
The death yak is severely wounded.
You barely miss the death yak. You hit the death yak but do no damage.
The death yak gores you.
You slash the death yak!
The death yak looks as sick as possible!
The death yak is almost dead.
You slash the death yak!
The death yak looks as sick as possible!
You hit the death yak but do no damage.
The death yak gores you but does no damage.
The death yak barely misses you. The death yak gores you!
* * * LOW HITPOINT WARNING * * *
You hit the death yak but do no damage.
The death yak looks as sick as possible!
The death yak is almost dead.
You hit the death yak but do no damage. You slash the death yak!
The death yak looks as sick as possible!
The death yak gores you but does no damage.
The death yak misses you.
You hit the death yak.
The death yak looks as sick as possible!
The death yak is almost dead.
You slash the death yak!
You kill the death yak!
You slash the death yak!
The death yak looks as sick as possible!
The death yak gores you!!
* * * LOW HITPOINT WARNING * * *
Your Armour skill increases to level 10!
You barely miss the death yak.
The death yak is almost dead.
You slice the death yak!!
The death yak looks as sick as possible!
You kill the death yak!
The death yak gores you!!
You die...

####+####.######..##'####..###..#
#.....>.................#.......#
#.......................'.......#
###...###...##########'######.###
###...###...##....####)##..##.###
.......+......................'..
.......#......................#..
.......#.....<...†............###
.......#........@†............##.
.##...###.[.####Y†..##...........
.##...###.[[##########...........
.#............#......#........##.
.#............#.§§§§§#........##.
.#.....##.....##§§§§##...........
.##....#####'###§§§§##.>.........
..#######.....#....[.............
..# #......#.....)[...........


You could see a death yak (extremely poisoned).

Vanquished Creatures
  Azrael (D:11)
  6 death yaks (D:7)
  A boulder beetle (D:6)
  2 two-headed ogres
  An ugly thing (D:12)
  A manticore (D:12)
  Joseph (D:8)
  3 gargoyles
  A hornet (D:11)
  A shadow (D:8)
  Sigmund (D:3)
  7 spriggans
  15 yaks
  3 wyverns (D:9)
  Grum (D:9)
  2 wraiths
  4 fire elementals
  2 steam dragons
  7 vampire mosquitoes
  Edmund (D:5)
  3 hell hounds (D:12)
  A water moccasin (D:8)
  2 orc warriors
  2 sky beasts (D:7)
  An ice beast (D:5)
  4 ogres (Bailey)
  3 wolves (D:9)
  3 centaurs
  A phantom (D:5)
  2 kobold brigands
  3 gnoll sergeants
  3 bullfrogs
  3 scorpions
  10 wights
  13 killer bees
  An electric eel (D:6)
  6 howler monkeys
  3 quasits (D:5)
  3 hounds
  5 jellies
  6 orc priests
  Crazy Yiuf (D:5)
  3 iguanas
  Terence (D:2)
  3 sleepcaps
  15 orc wizards
  3 adders
  7 gnolls
  2 shadow imps (D:5)
  3 white imps
  2 ufetubi (D:5)
  9 dart slugs
  30 orcs
  3 ball pythons
  8 endoplasms
  2 giant cockroaches (D:2)
  10 hobgoblins
  17 kobolds
  4 quokkas
  2 bats
  9 frilled lizards
  10 goblins
  6 rats
289 creatures vanquished.

Vanquished Creatures (others)
  A killer bee (D:9)
1 creature vanquished.

Grand Total: 290 creatures vanquished

Notes
Turn   | Place    | Note
-------+----------+-------------------------------------------
     0 | D:1      | strifetoe the Hill Orc Monk began the quest for the Orb.
     0 | D:1      | Reached XP level 1. HP: 19/19 MP: 1/1
   211 | D:1      | Reached XP level 2. HP: 25/26 MP: 2/2
  1061 | D:2      | Identified the of Caexuf
  1070 | D:2      | Reached skill level 5 in Axes
  1179 | D:2      | Found a faded altar of an unknown god.
  1260 | D:2      | Reached XP level 3. HP: 23/31 MP: 3/3
  1322 | D:2      | Prayed at the altar of an unknown god.
  1322 | D:2      | Became a worshipper of Ru the Awakened
  1356 | D:2      | Gained mutation: You cannot be stealthy. [Ru sacrifice]
  1408 | D:2      | Reached skill level 6 in Axes
  1426 | D:2      | Noticed Terence
  1445 | D:2      | Killed Terence
  1446 | D:2      | Reached XP level 4. HP: 14/39 MP: 4/4
  1982 | D:3      | Noticed Sigmund
  2083 | D:3      | Reached skill level 7 in Axes
  2083 | D:3      | Reached XP level 5. HP: 12/45 MP: 5/5
  2526 | D:3      | Killed Sigmund
  2527 | D:3      | Reached skill level 1 in Armour
  2527 | D:3      | Reached skill level 1 in Shields
  2527 | D:3      | Reached XP level 6. HP: 46/52 MP: 6/6
  2939 | D:4      | Reached skill level 8 in Axes
  3026 | D:4      | Found a stormy altar of Qazlal.
  3526 | D:5      | Entered Level 5 of the Dungeon
  3614 | D:5      | Noticed an ice beast
  3635 | D:5      | Reached XP level 7. HP: 34/59 MP: 7/7
  4320 | D:5      | Noticed Edmund
  4344 | D:5      | Killed Edmund
  4345 | D:5      | Reached skill level 9 in Axes
  4538 | D:5      | Reached XP level 8. HP: 25/66 MP: 8/8
  5154 | D:5      | Found a runed translucent door.
  5155 | D:5      | Noticed Crazy Yiuf
  5320 | D:5      | Killed Crazy Yiuf
  5462 | D:6      | Found a staircase to the Ecumenical Temple.
  5506 | D:6      | Gained mutation: You cannot voluntarily change form. [Ru
                  | sacrifice]
  5506 | D:6      | Reached * piety under Ru
  5526 | D:6      | Reached skill level 10 in Axes
  5707 | D:6      | Reached skill level 11 in Axes
  5947 | D:6      | Found a large runed translucent door.
  5947 | D:6      | Found a large runed translucent door.
  5950 | D:6      | Found a large runed translucent door.
  5950 | D:6      | Found a large runed translucent door.
  5950 | D:6      | Noticed a two-headed ogre
  6044 | D:6      | Noticed a boulder beetle
  6057 | D:6      | Killed a boulder beetle
  6058 | D:6      | Reached skill level 13 in Axes
  6058 | D:6      | Reached XP level 9. HP: 43/71 MP: 9/9
  6256 | D:6      | Noticed a gargoyle
  6271 | D:6      | Killed a gargoyle
  6272 | D:6      | Reached skill level 14 in Axes
  6836 | D:7      | Reached skill level 15 in Axes
  6920 | D:7      | Reached XP level 10. HP: 70/79 MP: 10/10
  6935 | D:7      | Reached skill level 5 in Fighting
  7117 | D:7      | Found Anienton's Assorted Antiques.
  7124 | D:7      | Bought a murky silvery potion for 27 gold pieces
  7124 | D:7      | Bought 2 fuming purple potions for 55 gold pieces
  7140 | D:7      | Found a hide-covered altar of Uskayaw.
  7149 | D:7      | Found an opulent altar of Gozag.
  7307 | D:7      | Reached skill level 16 in Axes
  7357 | D:7      | Found a sparkling altar of Nemelex Xobeh.
  7613 | D:8      | Identified the +8 whip of Valuable Assets {freeze, Str+2
                  | Int+2}
  7750 | D:8      | Noticed Joseph
  7758 | D:8      | Killed Joseph
  7787 | D:8      | Found a white marble altar of Elyvilon.
  7931 | D:8      | Noticed a death yak
  7931 | D:8      | Noticed a death yak
  8034 | D:9      | Noticed a two-headed ogre
  8043 | D:9      | Killed a two-headed ogre
  8044 | D:9      | Reached skill level 17 in Axes
  8079 | D:9      | Noticed Grum
  8095 | D:9      | Upgraded the game from 0.31-a0-986-g5e6e4ef867 to
                  | 0.31-a0-1071-gaead2f62b1
  8101 | D:9      | Reached XP level 11. HP: 51/95 MP: 11/11
  8143 | D:9      | Killed Grum
  8232 | D:9      | Found a basalt altar of Yredelemnul.
  8621 | D:9      | Identified the +4 trident of Duarulem {heavy, Int+2}
  8621 | D:9      | Noticed a deep elf pyromancer
  8622 | D:9      | Found a runed translucent door.
  8623 | D:9      | Noticed a skeletal warrior
  8624 | D:9      | Noticed a centaur warrior
  8624 | D:9      | Noticed a two-headed ogre
  8635 | D:9      | Noticed a death drake
  8735 | D:9      | Reached skill level 18 in Axes
  8902 | D:9      | Noticed a deep troll
  8902 | D:9      | Noticed a goliath frog
  8930 | D:10     | Entered Level 10 of the Dungeon
  8952 | D:10     | Reached skill level 5 in Armour
  8974 | D:10     | Reached skill level 10 in Fighting
  9028 | D:10     | Found a flagged portal.
  9044 | Bailey   | Entered a bailey
  9140 | Bailey   | Noticed a two-headed ogre
  9155 | Bailey   | Killed a two-headed ogre
  9493 | D:7      | Bought a scroll of brand weapon for 294 gold pieces
  9672 | D:10     | Found a faded altar of an unknown god.
  9673 | D:10     | Found a hazy altar of Hepliaklqana.
  9990 | D:10     | Found Uweghun's Firing Range.
 10259 | D:11     | Reached XP level 12. HP: 102/112 MP: 12/12
 10942 | D:12     | Noticed Azrael
 11032 | D:11     | Killed Azrael
 11138 | D:11     | Gained mutation: You are somewhat inexperienced. (-1 XL)
                  | [Ru sacrifice]
 11138 | D:11     | Reached XP level 11. HP: 105/105 MP: 11/11
 11138 | D:11     | Reached ** piety under Ru
 11891 | D:8      | Noticed a death yak
 11892 | D:8      | Noticed a death yak
 11892 | D:8      | Noticed a death yak
 11893 | D:8      | Noticed a death yak
 11893 | D:8      | Noticed a death yak
 11894 | D:8      | Noticed a death yak
 11925 | D:7      | Killed a death yak
 11928 | D:7      | Killed a death yak
 11935 | D:7      | Killed a death yak
 12006 | D:7      | Killed a death yak
 12014 | D:7      | Killed a death yak
 12015 | D:7      | Reached skill level 10 in Armour
 12015 | D:7      | Killed a death yak
 12015 | D:7      | Slain by a death yak

Illustrated notes

Levels and vault maps discovered:
D:1:      onia_arrival_mini_maze_b, layout_basic,
          wander_ebering_terrifying_dragon_lair
D:2:      layout_basic, chequers_ecumenical_altar_island,
          minmay_misc_feat_tower, uniq_terence
D:3:      layout_rooms, uniq_sigmund
D:4:      kennysheep_slugbush, layout_rooms, mainiacjoe_overflow_alcove_2,
          grunt_ministairs_2
D:5:      layout_cave_pods, serial_demonic, serial_demonic_b, serial_demonic_g,
          serial_demonic_g, serial_demonic_d, uniq_edmund,
          uniq_crazy_yiuf_cottage
D:6:      layout_loops_ring, temple_green, minivault_14, grunt_decor_fettered,
          corexii_checkpoint, minmay_hollow_rounded_squares
D:7:      layout_gridville, mainiacjoe_overflow_swirl,
          mainiacjoe_overflow_six_doors_small, serial_shops,
          nicolae_shop_pleasant_corner_grove
D:8:      layout_cave_pools, nicolae_overflow_crystal_walls, dpeg_lair_monsters,
          serial_rivers, chequers_serial_rivers_room_b,
          chequers_serial_rivers_large_b, chequers_serial_rivers_small_a,
          chequers_serial_rivers_large_a, chequers_serial_rivers_micro_a,
          chequers_serial_rivers_micro_b, uniq_joseph
D:9:      minmay_gate_of_8, layout_basic, mainiacjoe_overflow_boulevard,
          grunt_ministairs_1, uniq_grum
D:10:     layout_rooms, beargit_hepliaklqana_dungeon_heroes, enter_bailey_4,
          nicolae_shop_firing_range
D:11:     layout_roguey
D:12:     layout_cave_pods, kennysheep_orc_monster_closet_entryway, uniq_azrael

Skill      XL: |  1  2  3  4  5  6  7  8  9 10 11 12 |
---------------+-------------------------------------+-----
Axes           | 5 6 7 8 9 13 15 17 18 | 18.0
Fighting       | 4 8 13 12 | 13.5
Armour         | 1 2 4 10 9 | 10.0
Shields        | 1 2 4 |  4.8
Dodging        | |  2.4

Action                     |  1- 3 |  4- 6 |  7- 9 | 10-12 || total
---------------------------+-------+-------+-------+-------++-------
  Melee: Hand axe          |   103 |   173 |   129 |       ||   405
         War axe           |       |       |   104 |   277 ||   381
         Broad axe         |       |       |       |   183 ||   183
 Invoke: Sacrifice Stealth |     1 |       |       |       ||     1
         Sacrifice Forms   |       |       |     1 |       ||     1
         Sacrifice Experie |       |       |       |     1 ||     1
  Evoke: Wand              |       |       |    20 |    23 ||    43
    Use: Scroll            |     4 |     2 |     8 |    15 ||    29
         Potion            |     2 |     2 |     2 |     5 ||    11
   Stab: Invisible         |       |       |       |     2 ||     2
         Distracted        |       |       |       |     1 ||     1
 Armour: Robe              |    12 |       |       |       ||    12
         Chain mail        |    70 |   156 |   266 |   436 ||   928
  Dodge: Dodged            |    40 |    58 |   115 |   156 ||   369
  Block: Buckler           |       |     6 |    76 |   112 ||   194

Table legend: (Time is in decaauts)
 A = Elapsed time spent in this place.
 B = Non-inter-level travel time spent in this place.
 C = Inter-level travel time spent in this place.
 D = Time resting spent in this place.
 E = Time spent auto-exploring this place.
 F = Levels seen in this place.
 G = Mean time per level.
                   A        B        C        D        E       F      G
               +--------+--------+--------+--------+--------+-----+--------+
         Total |  11922 |  10693 |   1229 |   1985 |   6458 |  13 |  917.1 |
       Dungeon |  11670 |  10441 |   1229 |   1935 |   6363 |  12 |  972.5 |
        Bailey |    252 |    252 |      0 |     50 |     95 |   1 |  252.0 |
               +--------+--------+--------+--------+--------+-----+--------+

Top non-repeatable levels by time:
     D:5: 1602 daAuts
     D:6: 1332 daAuts
     D:1: 1260 daAuts
     D:2: 1253 daAuts
     D:4: 1154 daAuts
     D:9: 1015 daAuts
     D:7: 1007 daAuts
    D:11: 891 daAuts
    D:10: 704 daAuts
     D:8: 596 daAuts
     D:3: 551 daAuts
    D:12: 302 daAuts
  Bailey: 252 daAuts
